[Event "*** Titled Tuesday Blitz"]
[Site "Chess.com"]
[Date "2020.05.26"]
[Round "9"]
[White "TST2014"]
[Black "JTCoach"]
[Result "0-1"]
[WhiteElo "2523"]
[BlackElo "2659"]
[TimeControl "180+1"]
[EndTime "11:52:53 PDT"]
[Termination "JTCoach won by resignation"]

1. d4 Nf6 2. c4 e6 3. Nf3 c5 4. e3 b6 5. Nc3 g6 6. d5 Bg7 7. Bd3 exd5 8. cxd5 O-O 9. O-O d6 10. h3 Na6 11. e4 Nc7 12. a4 Na6 13. Bf4 Nb4 14.
Bb1 a6 15. Re1 Re8 16. Ba2 Nh5 17. Bh2 Bb7 18. Bc4 Qd7 19. e5 dxe5 20. Bxe5 Nf6 21. Qd2 Rad8 22. Rad1 Nfxd5 23. Bxg7 Rxe1+ 24. Qxe1 Kxg7 25. Nxd5 Bxd5 26. Qc3+ f6 27. Ng5 Qe7 28. Re1 Qd7 29. Ne6+ Bxe6 30. Rxe6 Qd4 31. Rxb6 Qxc3 32. bxc3 Nd5 33.
Bxd5 Rxd5 34. Rxa6 Rd1+ 35. Kh2 Rc1 36. Ra7+ Kh6 37.
a5 Rxc3 38. f4 Ra3 39. a6 c4 40. g4 c3 41. h4 c2 42. g5+ fxg5 43. hxg5+ Kh5 44.
Rxh7+ Kg4 45. Rc7 Ra2 46. Kg1 Ra1+ 47. Kf2 c1=Q 48. Rxc1 Rxc1 49. Ke3 Kf5 50. a7 Ra1 51. Kf3 Rxa7 52. Kg3 Ra3+ 53. Kh4 Ra4 54. Kg3 Rxf4 55. Kh3 Rg4 56. Kh2 Rxg5 57. Kh3 Rg4 58. Kh2 Ra4 59. Kh3 g5 0-1

[Event "*** Titled Tuesday Blitz"]
[Site "Chess.com"]
[Date "2020.05.26"]
[Round "9"]
[White "Roman_Ovetchkin"]
[Black "Giraffe_Chess"]
[Result "1-0"]
[WhiteElo "2602"]
[BlackElo "2418"]
[TimeControl "180+1"]
[EndTime "11:52:53 PDT"]
[Termination "Roman_Ovetchkin won on time"]

1. d4 f5 2. h3 Nf6 3. g4 d5 4. g5 Ne4 5. Bf4 Nc6 6. Nf3 e5 7. dxe5 Bc5 8. e3 Qe7 9. c3 a6 10. Nbd2 Be6 11. Nb3 Bb6 12. h4 O-O 13. Nfd4 Rad8 14.
f3 Nc5 15. Nxc5 Bxc5 16. Nxc6 bxc6 17. Bxa6 Bf7 18. h5 Be6 19. Bd3 Ra8 20. a4 Bb6 21. Qc2 c5 22. c4 d4 23. Kf2 Ba5 24. g6 h6 25. Kg3 Rab8 26. b3 Bc3 27. Rab1 Rb7 28.
Qe2 Rfb8 29. Bc2 Rb4 30. Rhd1 R8b7 31. e4 fxe4 32. Qxe4 Rb8 33. Rd3 Rf8 34. Rxc3 dxc3 35. Be3 Kh8 36. Qd3 Bf5 37. Qxc3 Rbb8 38. f4 Bxc2 39. Qxc2 Rbd8 40. Rd1 Rxd1 41. Qxd1 Rd8 42. Qg4 Qd7 43. Qxd7 Rxd7 44. Bxc5 Kg8 45. e6 Rd8 46. e7 Rb8 47. b4 Re8 48. a5 Ra8 49. a6 Re8 50. b5 Ra8 51. f5 1-0

[Event "*** Titled Tuesday Blitz"]
[Site "Chess.com"]
[Date "2020.05.26"]
[Round "9"]
[White "Richarzard69"]
[Black "djano"]
[Result "0-1"]
[WhiteElo "2257"]
[BlackElo "2453"]
[TimeControl "180+1"]
[EndTime "11:52:53 PDT"]
[Termination "djano won by resignation"]

1. Nf3 d5 2. c4 d4 3. b4 g5 4. h3 g4 5. hxg4 Bxg4 6. d3 Bg7 7.
g3 Nd7 8. Bg2 e5 9. Nbd2 Qe7 10.
Qa4 c6 11. Ba3 Ngf6 12. Ng5 Nb6 13. Qb3 O-O 14. Nge4 Nfd7 15. c5 Nd5 16. Nd6 a5 17. Bxd5 cxd5 18. Qxd5 axb4 19. Bxb4 Be6 20. Qe4 f5 21.
Qh4 Qxh4 22. Rxh4 Ra4 23. a3 Bf6 24. Rh2 Rfa8 25. Rc1 Kg7 26. N2c4 R4a7 27. Nb6 Rd8 28. Kd1 Nf8 29. Rh5 Kg6 30. Rh1 h5 31. Kc2 Nh7 32.
Kb2 Ng5 33. Ka1 e4 34. Kb2 e3 35. fxe3 dxe3+ 36. Kb1 Ra6 37. Rcf1 Be5 38. Nbc4 Bxg3 39.
Rhg1 h4 40. Nxe3 f4 41. Ng2 Rf8 42. Rh1 Bd5 43. Nxh4+ Kh5 44. Nhf5+ Bxh1 45. Rxh1+ Kg4 46. Rg1 Rxf5 47. Nxf5 Kxf5 48. d4 Ke4 49. e3 Kxe3 50. d5 Ne4 51. d6 f3 52. d7 Bc7 53. Rd1 f2 54. Kb2 Rf6 55. Bc3 Nxc3 56. Kxc3 f1=Q 57. d8=Q Bxd8 58. Rd3+ Ke4 59. Rd4+ Ke5 60. Rd2 0-1

[Event "*** Titled Tuesday Blitz"]
[Site "Chess.com"]
[Date "2020.05.26"]
[Round "9"]
[White "woodhy"]
[Black "EfM13"]
[Result "1-0"]
[WhiteElo "2419"]
[BlackElo "2301"]
[TimeControl "180+1"]
[EndTime "11:52:53 PDT"]
[Termination "woodhy won by checkmate"]

1. e4 g6 2. d4 Bg7 3. Nf3 d6 4. h3 Nf6 5. Bd3 O-O 6. O-O c6 7. c3 Qc7 8. Be3 e5 9. Re1 Nbd7 10. Nbd2 Re8 11. Qc2 Nf8 12. Rad1 Ne6 13. dxe5 dxe5 14. Nc4 Nh5 15. Bf1 Bd7 16. Ng5 Nxg5 17. Bxg5 Bf8 18. b4 b5 19. Ne3 h6 20. Bh4 Nf4 21. Kh2 a5 22. g3 Ne6 23. Ng4 Bg7 24. Qd2 g5 25.
Qxd7 Qxd7 26. Rxd7 gxh4 27. a3 hxg3+ 28. fxg3 axb4 29. axb4 Ng5 30. Bg2 Ra2 31. Rf1 Rf8 32. Kh1 Rc2 33. Rd3 Ra8 34. h4 Ne6 35. Ne3 Rb2 36.
Rd7 Re2 37. Nf5 Raa2 38. Rg1 Bf8 39. Kh2 Rac2 40. Kh3 Rxc3 41. Kg4 Rc4 42. Bf3 Rec2 43. Nd6 Rxb4 44. Nxf7 Ng7 45. Nxh6+ Kh8 46. Nf5 Nxf5 47. Kxf5 Rf2 48. Rd3 Bg7 49. Kg4 Kh7 50. h5 c5 51. Rd7 c4 52. Rh1 Rb3 53. h6 Rfxf3 54. hxg7+ Kg8 55. Rh8# 1-0

[Event "*** Titled Tuesday Blitz"]
[Site "Chess.com"]
[Date "2020.05.26"]
[Round "9"]
[White "Gentle_Emperor"]
[Black "Alexandercs432"]
[Result "1-0"]
[WhiteElo "2319"]
[BlackElo "2128"]
[TimeControl "180+1"]
[EndTime "11:52:53 PDT"]
[Termination "Gentle_Emperor won by resignation"]

1. d4 d5 2. Bf4 Nf6 3. Nf3 c5 4. e3 Nc6 5. Nc3 Bf5 6. h3 e6 7. Bd3 Bg6 8. Nb5 Rc8 9. Bxg6 hxg6 10.
dxc5 Bxc5 11. c3 a6 12. Nbd4 O-O 13. O-O Re8 14. Ne5 Nxe5 15. Bxe5 Bd6 16. Bxd6 Qxd6 17. Qb3 Rc7 18. a4 Rec8 19. Rfd1 Ne4 20. Rac1 Kh7 21.
Nf3 Qe7 22. Rd4 Qf6 23. Rcd1 Qe7 24. Qc2 Rc4 25. Nd2 Nxd2 26. R1xd2 Rxd4 27. Rxd4 Rc7 28. Qe2 Qd7 29. Qf3 Qe7 30. g3 Kg8 31. h4 b5 32. h5 gxh5 33. Qxh5 Rc4 34. axb5 Rxd4 35. exd4 axb5 36. Qe5 Qb7 37. Qd6 g6 38. g4 Kg7 39.
Kg2 Kg8 40. Kg3 Kg7 41. Kh4 Qc8 42. Qe5+ f6 43. Qd6 g5+ 44. Kg3 Kg6 45. f4 gxf4+ 46. Kxf4 Qh8 47. Qxe6 Qh2+ 48. Kf3 Qh1+ 49. Ke2 Qg2+ 50.
Kd3 Qf3+ 51. Kc2 Qf2+ 52. Kb3 Qf1 53. Qxd5 Qd1+ 54. Kb4 Qa4+ 55. Kc5 Qa7+ 56. Kxb5 Qb8+ 57. Kc4 Qc8+ 58. Kd3 Qxg4 59. Qe4+ Qxe4+ 60. Kxe4 f5+ 61. Kf4 Kf6 62. d5 1-0

[Event "*** Titled Tuesday Blitz"]
[Site "Chess.com"]
[Date "2020.05.26"]
[Round "9"]
[White "Bacyanide"]
[Black "SameerMujumdar"]
[Result "1-0"]
[WhiteElo "2475"]
[BlackElo "2318"]
[TimeControl "180+1"]
[EndTime "11:52:54 PDT"]
[Termination "Bacyanide won by resignation"]

1. d4 Nf6 2. c4 g6 3. Nc3 Bg7 4. e4 d6 5. Nf3 O-O 6. Be2 Na6 7. O-O e5 8. Qc2 exd4 9. Nxd4 Nc5 10. Rd1 Re8 11. Bf3 a5 12. Bf4 Ng4 13. h3 Ne5 14. Be2 c6 15. Be3 Qe7 16. b3 Qf8 17. f4 Ned7 18. Bf3 Nf6 19. Re1 Bd7 20. Rad1 Re7 21. Nde2 Rae8 22. Ng3 Re6 23. Bxc5 dxc5 24. e5 Bc8 25. Rf1 Nd7 26. Nce4 f6 27. Nd6 R8e7 28. Nxc8 Qxc8 29. Bg4 f5 30. Bf3 Nf8 31. Rd2 Rd7 32. Rfd1 Ree7 33. Ne2 Ne6 34. Rd3 Bh6 35. g3 Qd8 36. h4 Bg7 37. Kg2 Nd4 38. Nxd4 cxd4 39. c5 Bf8 40. Qc4+ Kg7 41. Rxd4 Rxd4 42.
Qxd4 Qe8 43. a3 Qf7 44. b4 Qa2+ 45. Rd2 Qxa3 46. h5 Qxb4 47. Qxb4 axb4 48. Rb2 Rf7 49. Rxb4 Bxc5 50. Rb3 Bf8 51. Rd3 gxh5 52. Bxh5 Rc7 53. g4 fxg4 54. Bxg4 c5 55. f5 Be7 56. Rf3 Kf8 57. f6 Bd8 58. Be6 b5 59. Rg3 Bxf6 60.
exf6 1-0

[Event "*** Titled Tuesday Blitz"]
[Site "Chess.com"]
[Date "2020.05.26"]
[Round "9"]
[White "zajka-molotok"]
[Black "AwareIdea"]
[Result "1/2-1/2"]
[WhiteElo "2386"]
[BlackElo "2510"]
[TimeControl "180+1"]
[EndTime "11:52:55 PDT"]
[Termination "Game drawn by repetition"]

1. d4 d5 2. c4 e6 3. Nc3 Nf6 4. Nf3 Bb4 5. e3 O-O 6. Bd3 b6 7. O-O c5 8. a3 Bxc3 9. bxc3 Ba6 10. cxd5 Bxd3 11. Qxd3 exd5 12. dxc5 bxc5 13. c4 dxc4 14. Qxc4 Nbd7 15. Bb2 Rc8 16. Rfd1 Qa5 17. Bc3 Qc7 18. Rac1 Nb6 19. Qh4 Nfd5 20. Bd4 Qd6 21. Bxg7 Kxg7 22.
e4 Qf4 23. exd5 Qxh4 24. Nxh4 Kf6 25. Nf3 Rfd8 26. d6 Rc6 27. Nd2 Ke5 28. Re1+ Kd4 29. Ne4 f5 30. Rcd1+ Kc4 31. Rc1+ Kb5 32. Nc3+ Ka6 33.
Re5 Rdxd6 34. Rxf5 c4 35. g3 Rd2 36. Ne4 Ra2 37. Nc5+ Kb5 38. Ne4+ Ka6 39. Nc5+ Kb5 40. Ne4+ Ka4 41. Nc3+ Kxa3 42. Nxa2 Kxa2 43. Rf3 Kb2 44. Rfc3 a5 45. R1c2+ Kb1 46. h4 a4 47. Kg2 a3 48.
Rc1+ Kb2 49. R1c2+ Kb1 50. Rc1+ Kb2 51. R1c2+ Kb1 1/2-1/2

[Event "*** Titled Tuesday Blitz"]
[Site "Chess.com"]
[Date "2020.05.26"]
[Round "9"]
[White "Chuchofrio1"]
[Black "Konovalova_Vera"]
[Result "1-0"]
[WhiteElo "2263"]
[BlackElo "2149"]
[TimeControl "180+1"]
[EndTime "11:52:55 PDT"]
[Termination "Chuchofrio1 won by resignation"]

1. e4 c6 2. d4 d5 3. exd5 cxd5 4. Bd3 Nf6 5. c3 Nc6 6. Bf4 g6 7. Nd2 Bg7 8. Ngf3 O-O 9. O-O Bg4 10. Qb3 Qc8 11. Rae1 e6 12. Ne5 Nxe5 13. Bxe5 Bf5 14. Bxf5 gxf5 15. Qd1 Ng4 16. Bxg7 Kxg7 17. f3 Nf6 18. Kh1 Qc7 19. Rg1 Kh8 20. Qe2 Qf4 21. Nb3 b6 22. Nc1 Qh6 23. Qe5 Qg7 24. Re3 Rg8 25. Re2 Nh5 26. Nd3 Qxe5 27. Nxe5 Rg7 28. g4 Nf4 29. Rd2 fxg4 30. Rxg4 Rxg4 31.
fxg4 f6 32. Nd7 Kg7 33. Rf2 Nd3 34. Rxf6 Rd8 35. Rf3 Nxb2 36. Ne5 Rf8 37. Rxf8 Kxf8 38. Kg2 Nd1 39. c4 Nc3 40. cxd5 exd5 41. Nc6 a5 42. Ne5 Nxa2 43. Nd7+ Ke7 44. Nxb6 Kd6 45. Kf3 Nb4 46. Ke3 Nc2+ 47. Kd3 Ne1+ 48. Ke2 Ng2 49. Kf3 Nh4+ 50. Kg3 Ng6 51. h4 Kc6 52. Na4 Kb5 53. Nc3+ Kc4 54. Ne2 Kd3 55. Nc1+ Kxd4 56. Nb3+ Ke3 57. Nxa5 d4 58.
Nc4+ Ke2 59. Nb2 d3 60. h5 Ne7 61. Kf4 h6 62. Ke5 Nc6+ 63. Kf6 Nd4 64. Nxd3 Kxd3 65. Kg6 Ke4 66. Kxh6 Ke5 67. g5 Ne6 68. g6 Kf6 69.
Kh7 Ng7 70. h6 Nf5 71. g7 Ne7 72. g8=Q Nxg8 73. Kxg8 Kg6 74. h7 Kf5 75. h8=Q 1-0

[Event "*** Titled Tuesday Blitz"]
[Site "Chess.com"]
[Date "2020.05.26"]
[Round "9"]
[White "kleopl"]
[Black "verdest"]
[Result "1-0"]
[WhiteElo "2446"]
[BlackElo "2517"]
[TimeControl "180+1"]
[EndTime "11:52:56 PDT"]
[Termination "kleopl won by resignation"]

1. c4 Nf6 2. Nc3 e6 3. Nf3 d5 4.
d4 Bb4 5. cxd5 exd5 6. Bg5 h6 7. Bxf6 Qxf6 8. e3 O-O 9. Be2 c6 10. O-O Bd6 11. h3 Bf5 12. Bd3 Nd7 13. Rb1 a5 14. a3 Rfe8 15. Re1 Nb6 16. Bxf5 Qxf5 17. Nd2 Qd3 18. Re2 Nc4 19. Nxc4 Qxd1+ 20. Rxd1 dxc4 21.
d5 Be5 22. dxc6 bxc6 23. Na4 Red8 24. Rc1 Rab8 25. f4 Bf6 26. Rxc4 Rd6 27. Kf2 Rb3 28. Rcc2 Rb5 29. Nc3 Bxc3 30. Rxc3 Kf8 31. Rec2 Ke7 32. Kf3 Kd7 33. g4 g6 34. h4 Kc7 35. Ke2 Kb6 36.
Rd3 Re6 37. b3 h5 38. g5 Rf5 39. Kf3 Rb5 40. Rcc3 c5 41. Rd7 f6 42. Rg7 fxg5 43. hxg5 Kc6 44. e4 Rb7 45. f5 Rxg7 46. fxe6 Re7 47. e5 Rxe6 48. Ke4 h4 49. b4 axb4 50. axb4 h3 51. Rxc5+ Kb6 52. Rc3 h2 53. Rh3 Kb5 54. Rxh2 Kxb4 55. Rc2 Re8 56. Kd5 Rd8+ 57. Ke6 Re8+ 58.
Kf6 Kb3 59. Rc7 Kb4 60. e6 Kb5 61. Kf7 Ra8 62. e7 Kb6 63. Rc1 1-0

[Event "*** Titled Tuesday Blitz"]
[Site "Chess.com"]
[Date "2020.05.26"]
[Round "9"]
[White "angryhorse9"]
[Black "malakismayil"]
[Result "1-0"]
[WhiteElo "2472"]
[BlackElo "2303"]
[TimeControl "180+1"]
[EndTime "11:52:56 PDT"]
[Termination "angryhorse9 won by resignation"]

1. e4 e5 2. Bc4 Nc6 3. Nc3 Nf6 4. d3 Bc5 5. f4 d6 6. Nf3 Bg4 7. Na4 Bb6 8. Nxb6 axb6 9. h3 Bxf3 10. Qxf3 Nd4 11. Qf2 b5 12. c3 bxc4 13. cxd4 cxd3 14. Qe3 exf4 15. Qxd3 O-O 16. O-O Re8 17. Rxf4 d5 18. e5 Ne4 19. Be3 c6 20. Raf1 Re7 21. a3 Qd7 22. Rg4 Qe6 23. Qd1 h5 24. Rgf4 g6 25. Qf3 c5 26. g4 cxd4 27. Bxd4 Nd2 28. Qg2 Nxf1 29. gxh5 Ne3 30. Qg5 Qxh3 31. hxg6 Qg2+ 32. Qxg2 Nxg2 33. Kxg2 fxg6 34. Rf6 Kh7 35. Kf3 Rae8 36.
Rd6 Rf8+ 37. Ke3 g5 38. Rxd5 g4 39. Rc5 g3 40. Rc1 g2 41. Rg1 Rg7 42. e6 Rf1 43.
Ke4 Rxg1 44. Bxg1 Kg6 45. Ke5 Rh7 46. Kd6 Rh1 47. e7 Rxg1 48. e8=Q+ Kg5 49. Qe3+ Kg4 50. Qxg1 Kh3 51. Kc7 Kg3 52. Kxb7 1-0

[Event "*** Titled Tuesday Blitz"]
[Site "Chess.com"]
[Date "2020.05.26"]
[Round "9"]
[White "ElGasanov"]
[Black "CHESSMASTER759"]
[Result "1-0"]
[WhiteElo "2747"]
[BlackElo "2647"]
[TimeControl "180+1"]
[EndTime "11:52:57 PDT"]
[Termination "ElGasanov won by resignation"]

1. d4 Nf6 2. Nf3 e6 3. c4 d5 4. e3 Be7 5. Nc3 O-O 6. a3 c6 7.
b4 a5 8. b5 Nbd7 9. c5 e5 10.
Be2 e4 11. Nd2 b6 12. bxc6 Nb8 13. Bb5 bxc5 14. dxc5 Bxc5 15. Nb3 Bb6 16. O-O Qd6 17. Nd4 Ng4 18. f4 exf3 19. Nxf3 Bxe3+ 20. Kh1 Bxc1 21. Qxc1 Ba6 22. Qg5 Nf6 23. Nd4 h6 24. Qxg7+ Kxg7 25. Nf5+ Kg6 26. Nxd6 Bxb5 27. Ncxb5 Nxc6 28. Rac1 Ne7 29. Rc3 Neg8 30. Rg3+ Kh7 31. Nd4 Rad8 32. N4f5 Nh5 33.
Rh3 Ng7 34. g4 Nxf5 35. Nxf5 Rde8 36. g5 Re6 37. gxh6 Rg6 38. Rd1 Nf6 39. Ne7 Rxh6 40.
Rf3 Ne4 41. Nxd5 f5 42. Rb1 Rg8 43. Rb7+ Kh8 44. h3 Ng3+ 45. Kh2 Ne4 46. Ne7 Ng5 47. Nxg8 Nxf3+ 48. Kg3 Kxg8 49. Rb8+ Kh7 50. Kxf3 Kg6 51.
Rb6+ Kg5 52. Rxh6 Kxh6 53. Kf4 Kg6 54. a4 Kf6 55. h4 Kg6 56. Ke5 f4 57. Kxf4 1-0

[Event "*** Titled Tuesday Blitz"]
[Site "Chess.com"]
[Date "2020.05.26"]
[Round "9"]
[White "BIG_Pirate"]
[Black "White_Ghost"]
[Result "0-1"]
[WhiteElo "2325"]
[BlackElo "2483"]
[TimeControl "180+1"]
[EndTime "11:52:57 PDT"]
[Termination "White_Ghost won by checkmate"]

1. Nf3 Nf6 2. c4 g6 3. Nc3 Bg7 4. g3 O-O 5. Bg2 b6 6. O-O Bb7 7. d4 d6 8. d5 e5 9. e4 Ne8 10.
Ne1 f5 11. Nd3 Bc8 12. f3 Nd7 13. Be3 Nc5 14. b4 Nxd3 15. Qxd3 f4 16. Bf2 fxg3 17.
hxg3 Nf6 18. c5 Nh5 19. Rac1 Rf7 20. cxd6 cxd6 21. Nb5 Bf8 22. Rc6 Bb7 23. a4 a6 24.
Na3 Qg5 25. Kh2 Qh6 26. Kg1 Qg5 27. Kh2 b5 28. axb5 axb5 29. Nxb5 Ra2 30. Nxd6 Bxd6 31. Rxd6 Rxf2 32. Rxf2 Qxg3+ 33. Kg1 Nf4 34. Qd2 Rc7 35. Rf1 Nh3+ 36. Kh1 Nf4 37. b5 Rc3 38. Rd8+ Kg7 39. Rd7+ Kh6 40. Rxb7 Rd3 41. Qf2 Qg5 42. b6 Qh5+ 43.
Kg1 Qg5 44. Qc2 Re3 45. Rf2 Re1+ 46. Rf1 Re2 47. Qxe2 Nxe2+ 48. Kf2 Nf4 49. Rh1+ Nh5 50. Rc7 Qd2+ 51. Kg1 Qe1+ 52. Kh2 Kg5 53. b7 Qg3+ 54. Kg1 Nf4 55. b8=Q Qxg2# 0-1

[Event "*** Titled Tuesday Blitz"]
[Site "Chess.com"]
[Date "2020.05.26"]
[Round "9"]
[White "Kostya26"]
[Black "Caterpiller35"]
[Result "0-1"]
[WhiteElo "2445"]
[BlackElo "2304"]
[TimeControl "180+1"]
[EndTime "11:52:57 PDT"]
[Termination "Caterpiller35 won by resignation"]

1. e4 c5 2. Nf3 Nc6 3. Bb5 g6 4. Bxc6 bxc6 5. O-O Bg7 6. Re1 Nh6 7. c3 O-O 8. d4 cxd4 9. cxd4 d5 10. e5 Bg4 11.
Nc3 f6 12. e6 Nf5 13. Be3 Rb8 14. Na4 Nxe3 15. Rxe3 f5 16. Rd3 f4 17. b3 Bxe6 18. Nc5 Bf5 19. Rd2 Rb5 20. Rc1 Bg4 21. h3 Bf5 22. Qe2 Qd6 23. a4 Rb4 24. Qa6 Be4 25. Ng5 Rxd4 26. Rxd4 Bxd4 27. Nce6 Bb6 28. Nxf8 Kxf8 29.
Qc8+ Kg7 30. Qxc6 Qb4 31. Ne6+ Kf7 32. Ng5+ Kg7 33. Nxe4 dxe4 34. Qc3+ Qxc3 35. Rxc3 e3 36. fxe3 Bxe3+ 37. Rxe3 fxe3 38. Kf1 Kf6 39. Ke2 Ke5 40. Kxe3 Kd5 41. Kd3 a5 42. Kc3 Kc5 43. b4+ axb4+ 44. Kb3 h5 45. a5 Kb5 46. a6 Kxa6 47. Kxb4 Kb6 48. Kc4 Kc6 49. Kd4 Kd6 50. Ke4 Ke6 51. h4 Kf6 52. Kd5 Kf5 53. Kd4 e5+ 54. Ke3 0-1

[Event "*** Titled Tuesday Blitz"]
[Site "Chess.com"]
[Date "2020.05.26"]
[Round "9"]
[White "ehrenfeld"]
[Black "Lubov_Gordyk"]
[Result "0-1"]
[WhiteElo "2459"]
[BlackElo "2623"]
[TimeControl "180+1"]
[EndTime "11:52:58 PDT"]
[Termination "Lubov_Gordyk won on time"]

1. e4 g6 2. d4 Bg7 3. Nc3 d6 4. Be3 a6 5. a4 Nf6 6. h3 O-O 7. g4 Nc6 8. Nge2 e5 9. d5 Ne7 10. Ng3 h6 11. Qd2 g5 12. f3 Ng6 13. Be2 Bd7 14.
a5 Nh4 15. O-O-O b6 16. axb6 cxb6 17. Kb1 b5 18. Nf5 Bxf5 19. gxf5 Nh5 20. Na2 Nf4 21.
Nb4 Qd7 22. Nc6 Rfc8 23. Rc1 Rxc6 24. dxc6 Qxc6 25. Rhe1 Rd8 26. c4 bxc4 27. Bxc4 Qb7 28. Rf1 Nhg2 29. Bf2 d5 30. Rfd1 d4 31. Qa5 Rd6 32.
Ba2 Rb6 33. Rd2 Ne3 34. Qc5 Bf8 35. Qc8 Kg7 36. Rc7 Qxc8 37. Rxc8 Bb4 38. Bxe3 dxe3 39. Rd7 Rf6 40. Rcc7 e2 41. Rc1 e1=Q 42. Rxe1 Bxe1 43. Bc4 a5 44. Bf1 h5 45. Ka2 Bb4 46. Kb3 Rd6 47. Rb7 h4 48. Ka4 Rf6 49. b3 Nh5 50. Kb5 Ng3 51.
Bc4 Nh1 52. Rd7 Nf2 53. Bf1 Rd6 54.
Rb7 Nd1 0-1

[Event "*** Titled Tuesday Blitz"]
[Site "Chess.com"]
[Date "2020.05.26"]
[Round "9"]
[White "IriBu"]
[Black "aakankshachess"]
[Result "0-1"]
[WhiteElo "2535"]
[BlackElo "2464"]
[TimeControl "180+1"]
[EndTime "11:52:58 PDT"]
[Termination "aakankshachess won on time"]

1. e4 e5 2. Nf3 Nc6 3. d4 exd4 4.
c3 d5 5. exd5 Qxd5 6. cxd4 Bb4+ 7.
Nc3 Bxc3+ 8. bxc3 Nge7 9. Be2 O-O 10. O-O Ng6 11. c4 Qd6 12. Be3 Bf5 13. a3 Rad8 14.
d5 Nce5 15. Qa4 a6 16. Rad1 b6 17. Qxa6 Ra8 18. Qb5 Ng4 19. c5 Qe7 20. d6 cxd6 21.
cxd6 Qf6 22. Bd4 Qe6 23. Bc4 Qd7 24. h3 Nf6 25. Bxf6 gxf6 26. Qxb6 Bxh3 27. gxh3 Qxh3 28. Qe3 Rxa3 29. Rd3 Qg4+ 30. Kh1 Qxc4 31. Rxa3 Qxf1+ 32. Ng1 Qd1 33. Rd3 Qh5+ 34. Qh3 Qe5 35. Qg3 Qe4+ 36. Qf3 Qh4+ 37. Nh3 Ne5 38. Qg3+ Qxg3 39. Rxg3+ Kh8 40. Rg1 Rd8 41. Rd1 Kg7 42. Nf4 Kf8 43. Kg2 Ke8 44. Nh5 Nd7 45. f4 Kf8 46. Kf3 Rc8 47. Ke4 Rc4+ 48.
Rd4 Rc5 49. Rd5 Rc4+ 50. Kf5 Ke8 51. Ra5 Nb6 52. Nxf6+ Kd8 53. Rb5 Nc8 54. Rb7 Nxd6+ 55. Kg5 Nxb7 56. Nxh7 Ke7 57. Nf6 Rc5+ 58. Kh6 Nd6 0-1

[Event "*** Titled Tuesday Blitz"]
[Site "Chess.com"]
[Date "2020.05.26"]
[Round "9"]
[White "profofchess"]
[Black "QueenOfTactics90"]
[Result "1-0"]
[WhiteElo "2490"]
[BlackElo "1982"]
[TimeControl "180+1"]
[EndTime "11:52:58 PDT"]
[Termination "profofchess won by resignation"]

1. e4 c5 2. Nf3 Nc6 3. Bb5 g6 4. O-O Bg7 5. Re1 e5 6. Bxc6 dxc6 7. d3 Qe7 8. a4 Be6 9. a5 Rd8 10. b3 Nh6 11. Nbd2 O-O 12. Nc4 f6 13. Bd2 Nf7 14.
Be3 Bxc4 15. bxc4 b6 16. Qb1 Qc7 17. Qb3 f5 18. axb6 axb6 19. Bd2 f4 20. Ra6 Rb8 21. Rea1 Nd6 22. Bc3 Rfe8 23. Qb2 Nc8 24. h3 b5 25. cxb5 cxb5 26. Ra8 b4 27. Bd2 Nb6 28. Qb3+ Kh8 29. Rxb8 Qxb8 30. Ng5 h6 31. Ne6 Qd6 32. Nxg7 Kxg7 33. Ra7+ Re7 34. Ra6 Qc7 35. Qa2 g5 36. Qa5 Nd7 37. Qxc7 Kf7 38. Qd6 Nf8 39. Qxc5 Ne6 40.
Qxb4 Nd4 41. Qc4+ Kf8 42. Ra8+ Kg7 43. Rg8+ Kf6 44. Rf8+ Kg6 45. Qg8+ Kh5 46. g4+ fxg3 47. fxg3 Ne2+ 48. Kg2 Nd4 49. g4+ Kh4 50. Qg6 Re6 51. Qxe6 Nxe6 52. Rf6 Nf4+ 53. Bxf4 gxf4 54. Rxh6+ Kg5 55.
Rh5+ Kg6 56. Rf5 Kg7 57. Kf3 Kg8 58. c4 Kg7 59. c5 Kg6 60. c6 Kg7 61. c7 Kg6 62. c8=Q 1-0

[Event "*** Titled Tuesday Blitz"]
[Site "Chess.com"]
[Date "2020.05.26"]
[Round "9"]
[White "Xeniya2005"]
[Black "kuba2006"]
[Result "0-1"]
[WhiteElo "2284"]
[BlackElo "2405"]
[TimeControl "180+1"]
[EndTime "11:52:58 PDT"]
[Termination "kuba2006 won by resignation"]

1. e4 Nf6 2. e5 Nd5 3. d4 d6 4.
c4 Nb6 5. exd6 exd6 6. h3 Be7 7.
Bf4 Nc6 8. Nf3 Bf6 9. Be2 O-O 10.
O-O Bf5 11. Nc3 Re8 12. b3 d5 13. c5 Nc8 14. Rc1 a6 15. Bd3 N8e7 16. Bb1 Bxb1 17.
Rxb1 Nf5 18. Ne2 Re4 19. Qd2 Ncxd4 20. Nfxd4 Nxd4 21. Nc3 Re6 22. Be3 Nf5 23. Nxd5 Nxe3 24. fxe3 Bg5 25. Rbd1 c6 26. Nf4 Qxd2 27. Rxd2 Rxe3 28.
Rd7 Re7 29. Rd3 Rae8 30. Kh2 g6 31. Rdf3 f5 32. a4 Re3 33. Nd3 Rxf3 34. Rxf3 Re3 35. Kg3 Kf7 36. h4 Rxf3+ 37. gxf3 Be3 38. f4 Ke6 39. Kf3 Bd4 40. b4 Kd5 41. Ke2 Kc4 42.
Kd2 Bc3+ 43. Kc2 Bxb4 44. Ne5+ Kxc5 45. Nd3+ Kc4 46. Ne5+ Kd4 47. Nd7 Bd6 48. Nf6 Bxf4 49. Nxh7 Bg3 50. Nf8 Bxh4 51. Nxg6 Bg5 52. Nf8 Ke5 53.
Nd7+ Kd6 54. Nf8 f4 55. Kd3 b5 56. axb5 cxb5 57. Ng6 a5 58. Ke4 a4 59. Ne5 a3 60.
Nd3 a2 0-1

[Event "*** Titled Tuesday Blitz"]
[Site "Chess.com"]
[Date "2020.05.26"]
[Round "9"]
[White "nihalsarin"]
[Black "TigrVShlyape"]
[Result "0-1"]
[WhiteElo "3017"]
[BlackElo "2873"]
[TimeControl "180+1"]
[EndTime "11:52:59 PDT"]
[Termination "TigrVShlyape won on time"]

1. e4 e5 2. Nf3 Nc6 3. Bb5 a6 4. Ba4 Nf6 5. O-O Be7 6. d3 d6 7.
Nbd2 O-O 8. c3 b5 9. Bc2 Nb8 10. d4 Nbd7 11. Re1 Bb7 12. Nf1 Re8 13. Ng3 g6 14. a4 Bf8 15. Bd3 c6 16. Bg5 Bg7 17.
h3 Qc7 18. Qd2 Nf8 19. Bh6 Ne6 20. Bxg7 Kxg7 21. b4 Nf4 22. Bf1 h6 23. c4 Ne6 24.
cxb5 cxb5 25. axb5 axb5 26. Bxb5 Rxa1 27. Rxa1 Rb8 28. d5 Nf4 29. Rc1 Qb6 30. Bc6 Ba6 31. b5 Bxb5 32. Rb1 Qc5 33. Qb4 Bxc6 34. Qxb8 Bd7 35.
Qb6 Qc2 36. Re1 Nd3 37. Rf1 Ne8 38. Ra1 Nc5 39. Ra7 Qc1+ 40. Kh2 Qf4 41. Qd8 Bb5 42. Ra8 Nxe4 43. Qe7 Nxf2 44. Rxe8 Bxe8 45. Qxe8 Ne4 46. Qe7 Qxg3+ 47. Kh1 Nf2+ 48. Kg1 Nxh3+ 49. Kh1 Nf2+ 50. Kg1 Nh3+ 51. Kh1 Nf4 52. Nh4 Qe1+ 53. Kh2 Ne2 54. Nf3 Qg3+ 55. Kh1 Nf4 56. Nh4 e4 57. Kg1 e3 0-1

[Event "*** Titled Tuesday Blitz"]
[Site "Chess.com"]
[Date "2020.05.26"]
[Round "9"]
[White "vladislavkovalev"]
[Black "Kirill_Klukin"]
[Result "1-0"]
[WhiteElo "2882"]
[BlackElo "2708"]
[TimeControl "180+1"]
[EndTime "11:52:59 PDT"]
[Termination "vladislavkovalev won by resignation"]

1. e4 c5 2. Be2 Nc6 3. d3 g6 4.
f4 Bg7 5. Nf3 e6 6. O-O Nge7 7.
c3 b6 8. Be3 Bb7 9. d4 cxd4 10.
cxd4 d6 11. Nc3 O-O 12. Rc1 Rc8 13. a3 a6 14. b4 b5 15. Qb3 Qd7 16. a4 bxa4 17. Nxa4 Rb8 18. Nb6 Qd8 19. d5 exd5 20. exd5 Na7 21. Nc4 Nb5 22. Na5 Bxd5 23. Qd3 Qd7 24.
Nd4 Rfe8 25. Nxb5 axb5 26. Bf2 Ba8 27. Rfd1 Nf5 28. Bf3 Bxf3 29. Qxf3 Qe6 30. Nc6 Rbc8 31. g4 Nh6 32. h3 f5 33. g5 Nf7 34. Re1 Qd7 35.
Ne7+ Rxe7 36. Rxc8+ Qxc8 37. Rxe7 Bf8 38. Rb7 Qc4 39.
Rb8 Qxb4 40. Re8 Qb1+ 41. Kg2 Qb4 42. Qa8 d5 43. h4 h5 44. Qxd5 Qxf4 45. Bc5 Qg4+ 46.
Kf1 Qh3+ 47. Ke2 Qh2+ 48. Kd3 Qg3+ 49. Kc2 Qh2+ 50. Kb3 Qh3+ 51. Kb4 Qxh4+ 52. Kxb5 Qxg5 53. Rxf8+ 1-0

[Event "*** Titled Tuesday Blitz"]
[Site "Chess.com"]
[Date "2020.05.26"]
[Round "9"]
[White "atalz0"]
[Black "joejan"]
[Result "1-0"]
[WhiteElo "2335"]
[BlackElo "2191"]
[TimeControl "180+1"]
[EndTime "11:52:59 PDT"]
[Termination "atalz0 won on time"]

1. d4 Nf6 2. c4 e6 3. Nc3 Bb4 4. Qc2 c5 5. dxc5 Qa5 6. Bd2 Qxc5 7. e4 Nc6 8. Nf3 Ng4 9. Bf4 Bxc3+ 10. bxc3 O-O 11. h3 Nge5 12. Be2 b6 13. Rd1 Nxc4 14. Bxc4 Qxc4 15. Nd2 Qb5 16. Bd6 Re8 17. a4 Qa5 18. Nc4 Qg5 19. O-O Ba6 20. f4 Qh5 21. Qd3 Na5 22.
g4 Qh4 23. Rf3 Bxc4 24. Qe3 Rac8 25. f5 Nb7 26. Bg3 Qxh3 27. Rd2 Qxg4 28. Rg2 exf5 29. Be5 Rxe5 30. Rxg4 fxg4 31. Rf4 Nc5 32. Qd4 Rce8 33. Qxc4 h5 34. Qxf7+ Kh7 35. Rf5 Rxf5 36. exf5 Re1+ 37. Kg2 Re2+ 38. Kf1 Rh2 39. f6 Ne6 40. Qxd7 Rh1+ 41. Kg2 Re1 42. f7 Kg6 43. Qd6 Kxf7 44. Qd2 Re5 45. Kg3 g5 46. Qd6 Kf6 47. Kg2 Re2+ 48.
Kf1 Re3 49. Qb8 Rxc3 50. Qh8+ Ng7 51. Qf8+ Kg6 52. Qb4 Rf3+ 53. Ke2 Rf5 54. Qe4 1-0